 Dungeon Crawl Stone Soup version 0.29-a0-1043-g569b05d6ff (webtiles) character file.

Game seed: 7309216847050950685

9 ytrimaz the Insei (level 2, 21/21 HPs)
             Began as a Demonspawn Transmuter on Aug 16, 2022.
             Quit the game on level 1 of the Dungeon.
             The game lasted 00:00:30 (714 turns).

ytrimaz the Insei (Demonspawn Transmuter)            Turns: 714, Time: 00:00:31

Health: 21/21      AC:  2    Str: 10    XL:     2   Next: 3%
Magic:  5/5        EV: 12    Int: 14    God:
Gold:   60         SH:  0    Dex: 13    Spells: 4/5 levels left

rFire   . . .      SeeInvis .     - Unarmed
rCold   . . .      Faith    .   (no shield)
rNeg    . . .      Spirit   .   a - +0 robe
rPois   .          Reflect  .   (helmet restricted)
rElec   .          Harm     .   (no cloak)
rCorr   .          Rampage  .   (no gloves)
Will    .....                   (no boots)
Stlth   +.........              (no amulet)
HPRegen 0.07/turn               (no ring)
MPRegen 0.09/turn               (no ring)

@: no status effects
A: antennae 1
a: no special abilities


You were on level 1 of the Dungeon.
You visited 1 branch of the dungeon, and saw 1 of its levels.

You collected 60 gold pieces.

Inventory:

Armour
 a - a +0 robe (worn)
Scrolls
 f - 2 scrolls of immolation
Potions
 b - a potion of lignification
 g - a potion of haste {unknown}


   Skills:
 - Level 1.0 Fighting
 - Level 1.7 Dodging
 + Level 2.9 Unarmed Combat
 * Level 2.2 Spellcasting
 * Level 1.9 Transmutations


You had 4 spell levels left.
You knew the following spells:

 Your Spells              Type           Power      Damage    Failure   Level
a - Beastly Appendage     Tmut           14%        N/A       11%         1

Your spell library contained the following spells:

 Spells                   Type           Power      Damage    Failure   Level
 Wereblood                Tmut           7%         N/A       16%         2
 Spider Form              Tmut/Pois      4%         N/A       43%         3
 Ice Form                 Ice/Tmut       4%         N/A       83%         4


Dungeon Overview and Level Annotations

Branches:
Dungeon (1/15)

Altars:


Innate Abilities, Weirdness & Mutations

You have a pair of small antennae on your head.


Message History

Magic restored.
Found a sling.
You see here a +0 sling.
A bat comes into view.
A bat is nearby!
A bat is nearby!
You grow a pair of large bovine horns.
Your feet morph into talons.
The bat misses you. The bat hits you but does no damage.
You miss the bat. You claw the bat, but do no damage.
The bat barely misses you. The bat closely misses you. x2
You closely miss the bat. The bat hits you.
The bat hits you but does no damage. The bat hits you.
The bat hits you but does no damage.
You barely miss the bat. The bat barely misses you. x2
You closely miss the bat. Your kick misses the bat.
Your headbutt misses the bat. The bat closely misses you.
The bat hits you but does no damage. The bat hits you.
You barely miss the bat. You claw the bat.
You kill the bat!
You have reached level 2!
Your demonic ancestry asserts itself...
The horns on your head shrink a bit. The horns on your head shrink away.
A pair of antennae grows on your head!
Your transformation is almost over.
You see here a bat corpse.
Your talons disappear.
HP restored.
You open the door.
There is an open door here.
You open the door.
There is an open door here.
You now have 60 gold pieces (gained 15).
f - 2 scrolls of immolation (gained 1)
There is an open door here.
You see here a frilled lizard corpse.
There is an open door here.
A ball python comes into view.
The ball python hisses angrily.
The ball python moves out of view.
Are you sure you want to abandon this character and quit the game? (Confirm with "yes".)

#.........# #.... .##.........#
#).....######'#####
......##........#
.....##........#####
..#.##........'....
#.#.##........#####
#########...##............#
#.........@.##†.........#.#
#######+##........##........#)#.#
#........#.####.#>.'........#.#.#
#........#.## #'#.##........#.#†#
#........#..###########.......#.#
#........#..#8###8###⌠###.....#.#
#).......#...........## ###.#.#..
#........#...........# #.#.###
#........#........#..## #.#.#


There were no monsters in sight!

Vanquished Creatures
  A ball python (D:1)
  A bat (D:1)
  A goblin (D:1)
  A hobgoblin (D:1)
  A quokka (D:1)
  A frilled lizard (D:1)
  A kobold (D:1)
  A rat (D:1)
8 creatures vanquished.

Notes
Turn   | Place    | Note
-------+----------+-------------------------------------------
     0 | D:1      | ytrimaz the Demonspawn Transmuter began the quest for the
                  | Orb.
     0 | D:1      | Reached XP level 1. HP: 15/15 MP: 3/3
   619 | D:1      | Lost mutation: You have a pair of horns on your head.
                  | [demonic ancestry]
   619 | D:1      | Lost mutation: You have a pair of small horns on your head.
                  | [demonic ancestry]
   619 | D:1      | Gained mutation: You have a pair of small antennae on your
                  | head. [demonic ancestry]
   619 | D:1      | Reached XP level 2. HP: 18/21 MP: 3/5
   714 | D:1      | Quit the game

Illustrated notes

Levels and vault maps discovered:
D:1:      minmay_arrival_hallway, layout_basic, serial_corexii_hall,
          chequers_hall_statues_corner_a, corexii_hall_statues_deadend,
          corexii_hall_statues_x, corexii_hall_statues_i

Action                   || total
-------------------------++-------
Melee: Unarmed           ||    25
       Kick              ||     4
       Headbutt          ||     2
 Cast: Beastly Appendage ||     5
  Use: Scroll            ||     3
Armor: Robe              ||     5
Dodge: Dodged            ||    25

Table legend: (Time is in decaauts)
 A = Elapsed time spent in this place.
 B = Non-inter-level travel time spent in this place.
 C = Inter-level travel time spent in this place.
 D = Time resting spent in this place.
 E = Time spent auto-exploring this place.
 F = Levels seen in this place.
 G = Mean time per level.
                   A        B        C        D        E       F      G
               +--------+--------+--------+--------+--------+-----+--------+
         Total |    712 |    712 |      0 |     21 |    609 |   1 |  712.0 |
       Dungeon |    712 |    712 |      0 |     21 |    609 |   1 |  712.0 |
               +--------+--------+--------+--------+--------+-----+--------+

Top non-repeatable levels by time:
     D:1: 712 daAuts
